 Dungeon Crawl Stone Soup version 0.28.0 (webtiles) character file.

Game seed: 12071437278120941867

3410 PoweredByGinger the Cleaver (level 9, -2/71 HPs)
             Began as a Demonspawn Gladiator on Feb 12, 2022.
             Was an Initiate of Okawaru.
             Killed from afar by an acid dragon (27 damage)
             ... with a splash of acid
             ... on level 8 of the Dungeon on Feb 15, 2022.
             The game lasted 00:13:54 (11813 turns).

PoweredByGinger the Cleaver (Demonspawn Gladiator) Turns: 11813, Time: 00:13:54

Health: -2/71      AC:  7    Str: 19    XL:     9   Next: 75%
Magic:  9/9        EV: 11    Int:  9    God:    Okawaru [......]
Gold:   399        SH:  4    Dex: 15    Spells: 8/8 levels left

rFire   . . .      SeeInvis .   a - +0 war axe
rCold   + . .      Faith    .   (no shield)
rNeg    . . .      Spirit   .   C - +0 ring mail
rPois   .          Reflect  .   (helmet restricted)
rElec   .          Harm     +   f - scarf {harm}
rCorr   .          Rampage  .   (no gloves)
Will    .....                   (no boots)
Stlth   +.........              h - amulet of the acrobat
HPRegen 0.21/turn               l - ring of protection from cold
MPRegen 0.11/turn               (no ring)

@: corroded
A: horns 1, thin metallic scales 1, icemail 1, condensation shield, demonic
magic 1
a: Renounce Religion


You were on level 8 of the Dungeon.
You worshipped Okawaru.
Okawaru was noncommittal.
You visited 2 branches of the dungeon, and saw 9 of its levels.

You collected 399 gold pieces.

Inventory:

Hand Weapons
 a - a +0 war axe (weapon)
Missiles
 u - 151 arrows
 B - a throwing net (quivered)
 E - 54 bolts
 I - 10 poisoned darts
Armour
 b - a +0 leather armour
 c - a +0 helmet
 f - a scarf of harm (worn)
 z - a +0 cloak
 A - a +0 kite shield
 C - a +0 ring mail (worn)
Jewellery
 h - an amulet of the acrobat (around neck)
 l - a ring of protection from cold (left hand)
 v - a ring of ice
 F - a ring of positive energy
Wands
 q - a wand of flame (37)
 D - a wand of polymorph (21)
Scrolls
 g - a scroll of enchant armour
 i - 2 scrolls of magic mapping
 j - a scroll of blinking
 k - 8 scrolls of teleportation
 m - 4 scrolls of enchant weapon
 n - a scroll of summoning
 o - a scroll of fear
 s - a scroll of acquirement {unknown}
 w - a scroll of fog
 y - 2 scrolls of noise
 J - a scroll of identify
Potions
 d - a potion of attraction
 e - a potion of haste {unknown}
 p - 3 potions of mutation
 t - a potion of flight {unknown}
 x - a potion of might
 G - a potion of brilliance {unknown}
 H - a potion of curing


   Skills:
 + Level 6.6 Fighting
 + Level 11.7 Axes
 - Level 1.7 Throwing
 - Level 2.6 Dodging


You had 8 spell levels left.
You didn't know any spells.
Your spell library contained the following spells:

 Spells                   Type           Power      Damage    Failure   Level
 Beastly Appendage        Tmut           0%         N/A       56%         1
 Sting                    Tmut/Pois      0%         1d3       56%         1
 Blink                    Tloc           0%         N/A       71%         2
 Poisonous Vapours        Pois/Air       0%         N/A       71%         2
 Wereblood                Tmut           0%         N/A       71%         2
 Portal Projectile        Hex/Tloc       0%         N/A       91%         3
 Spider Form              Tmut/Pois      0%         N/A       91%         3
 Leda's Liquefaction      Hex/Erth       0%         N/A       100%        4
 Olgreb's Toxic Radiance  Pois           0%         N/A       100%        4
 Manifold Assault         Tloc           0%         N/A       100%        5
 Storm Form               Tmut/Air       0%         N/A       100%        7
 Call Canine Familiar     Summ           Unusable   N/A       N/A         3

Dungeon Overview and Level Annotations

Branches:
Dungeon (8/15)             Temple (1/1) D:7
   Lair: D:8-11

Altars:
Ashenzari
Cheibriados
Dithmenos
Elyvilon
Fedhas
Gozag
Hepliaklqana
Kikubaaqudgha
Makhleb
Nemelex Xobeh
Okawaru
Qazlal
Ru
Sif Muna
Trog
Uskayaw
Vehumet
Wu Jian
Xom
Yredelemnul
Zin
The Shining One

Shops:
D:4 [


Innate Abilities, Weirdness & Mutations

You have a pair of small horns on your head.
You are partially covered in thin metallic scales. (AC +2)
A meltable icy envelope protects you from harm. (AC +4)
A meltable shield of frost defends you. (SH +4)
Spells you cast may paralyse adjacent enemies.


Message History

J - a scroll of identify You open the door.
There is an open door here.
You enter the shallow water.
Moving in this stuff is going to be slow.
An acid dragon comes into view.
Found a stone staircase leading up.
The acid dragon roars!
The acid dragon spits acid at you. The splash of acid hits you!!
The acid corrodes you!
An acid dragon is nearby!
An acid dragon is nearby!
An acid dragon is nearby!
Aiming: Iceblast
Press: ? - help, Shift-Dir - straight line, f - you That beam is likely to hit you.
Continue anyway?
Okay, then.
Aiming: Iceblast
Press: ? - help, Shift-Dir - straight line, f - acid dragon
Aim: an acid dragon (catching its breath)
The mass of ice explodes!
The iceblast engulfs the acid dragon!
The acid dragon is severely wounded.
The now-empty wand crumbles to dust.
Unknown command.
Unknown command.
You don't have any such object.
Evoke which item? (* to show all) (? for menu, Esc to quit)
Okay, then.
Unknown command.
The acid dragon misses you. You block the acid dragon's attack.
You barely miss the acid dragon.
You headbutt the acid dragon, but do no damage.
The acid dragon is severely wounded.
The acid dragon spits acid at you. The splash of acid hits you!
You hit the acid dragon but do no damage.
The acid dragon is severely wounded.
The acid dragon spits acid at you. The splash of acid hits you!!
You die...

.....#...#.....#
.....#...#.....#...#
.....+...#.....#...#
.....##+##.....#...#
..)..#...#.....#..<#
.)...#...#.....#...#
.....#...#.....#...#
.....#...#.....#D..#
.....#...#...(.#@..#
.....'...#.....#...#
.....#...#.....#...#
.....#'###.....#...#
..........[....#...#
...............#...#
...............#...##
...............#....#
...............#....#


You could see an acid dragon (catching breath).

Vanquished Creatures
  A slime creature (D:7)
  A wyvern (D:6)
  A steam dragon (D:8)
  2 water moccasins
  An orc warrior (D:8)
  2 sky beasts (D:7)
  A hornet zombie (D:7)
  A necrophage (D:6)
  2 ogres
  A phantom (D:5)
  4 centaurs
  2 kobold brigands
  4 bullfrogs
  A wyvern zombie (D:8)
  2 scorpions
  A wyvern skeleton (D:7)
  A water moccasin skeleton (D:5)
  A howler monkey (D:7)
  A bullfrog zombie (D:5)
  3 jellies
  3 hounds (D:5)
  An orc priest (D:8)
  2 bullfrog skeletons
  2 gnoll shamans
  Jessica (D:3)
  3 iguanas
  10 orc wizards
  A killer bee zombie (D:7)
  A howler monkey skeleton (D:6)
  8 gnolls (D:5)
  6 adders
  2 white imps (D:7)
  3 ufetubi (D:5)
  2 worms
  A dart slug (D:3)
  26 orcs
  3 bats
  11 endoplasms
  4 giant cockroaches
  10 goblins
  5 hobgoblins
  3 jackals (D:4)
  8 kobolds
  9 quokkas
  10 ball pythons
  3 frilled lizards
  4 rats
175 creatures vanquished.

Vanquished Creatures (others)
  An orc (D:7)
1 creature vanquished.

Grand Total: 176 creatures vanquished

Notes
Turn   | Place    | Note
-------+----------+-------------------------------------------
     0 | D:1      | PoweredByGinger the Demonspawn Gladiator began the quest
                  | for the Orb.
     0 | D:1      | Reached XP level 1. HP: 16/16 MP: 1/1
   230 | D:1      | Reached skill level 3 in Axes
   344 | D:1      | Gained mutation: You have a pair of small horns on your
                  | head. [demonic ancestry]
   344 | D:1      | Reached XP level 2. HP: 21/22 MP: 2/2
  1188 | D:2      | Reached XP level 3. HP: 21/27 MP: 3/3
  1273 | D:2      | Reached skill level 4 in Axes
  2168 | D:2      | Found a faded altar of an unknown god.
  2514 | D:2      | Gained mutation: You are partially covered in thin metallic
                  | scales. (AC +2) [demonic ancestry]
  2514 | D:2      | Reached XP level 4. HP: 31/33 MP: 4/4
  2825 | D:3      | Reached skill level 5 in Axes
  3304 | D:3      | Noticed Jessica
  3310 | D:3      | Killed Jessica
  3311 | D:3      | Reached XP level 5. HP: 38/38 MP: 5/5
  3703 | D:4      | Found Jukos's Armour Shoppe.
  4107 | D:4      | Gained mutation: You have hidden genetic defects. [potion
                  | of mutation]
  4107 | D:4      | Lost mutation: You have hidden genetic defects. [potion of
                  | mutation]
  4122 | D:4      | Reached skill level 6 in Axes
  4618 | D:5      | Entered Level 5 of the Dungeon
  4667 | D:5      | Gained mutation: Spells you cast may paralyse adjacent
                  | enemies. [demonic ancestry]
  4667 | D:5      | Reached XP level 6. HP: 32/44 MP: 6/6
  4926 | D:6      | Noticed a wyvern
  4933 | D:6      | Killed a wyvern
  5064 | D:6      | Reached skill level 7 in Axes
  5131 | D:6      | Reached XP level 7. HP: 36/50 MP: 7/7
  5616 | D:6      | Reached skill level 8 in Axes
  6301 | D:6      | HP: 3/75 [poisoned by a scorpion]
  6734 | D:5      | Reached skill level 9 in Axes
  6734 | D:5      | Gained mutation: A meltable shield of frost defends you.
                  | (SH +4) [demonic ancestry]
  6734 | D:5      | Reached XP level 8. HP: 42/56 MP: 8/8
  7004 | D:5      | Found a snail-covered altar of Cheibriados.
  7501 | D:5      | Reached skill level 10 in Axes
  8608 | D:7      | Noticed a slime creature
  9158 | D:7      | Gained mutation: A meltable icy envelope protects you from
                  | harm. (AC +4) [demonic ancestry]
  9158 | D:7      | Reached XP level 9. HP: 63/65 MP: 9/9
  9443 | D:7      | Reached skill level 5 in Fighting
  9443 | D:7      | Reached skill level 11 in Axes
 10110 | D:7      | Found a staircase to the Ecumenical Temple.
 10259 | Temple   | Entered the Ecumenical Temple
 10498 | Temple   | Became a worshipper of Warmaster Okawaru
 11813 | D:8      | Killed from afar by an acid dragon

Illustrated notes

Levels and vault maps discovered:
D:1:      dpeg_arrival_three_same_balls, layout_loops_ring, minmay_tetromino_t2
D:2:      layout_loops_cross, shapermc_ecumenical_altar_mp_vishouse,
          minivault_27, hangedman_abyss_or_decor_lesser_grid,
          minmay_misc_feat_tower
D:3:      layout_rooms, minmay_fractal_squares_5, uniq_jessica
D:4:      layout_basic, serial_shops, shop
D:5:      layout_basic, chei_slow_surprise, kennysheep_generic_room_5
D:6:      nicolae_cairo_tiling_very_big, layout_loops_ring,
          cheibrodos_sewer_entry_drain, kennysheep_generic_room_15
D:7:      hangedman_cross_stitches, layout_basic, lemuel_temple_firewalk_a
D:8:      wander_river, layout_gridville
Temple:   mainiacjoe_temple_archimedes_tessellation

Skill      XL: |  1  2  3  4  5  6  7  8  9 |
---------------+----------------------------+-----
Axes           | 3 4 5 6 7 9 10 11 | 11.7
Fighting       | 4 6 |  6.6
Throwing       | |  1.7
Dodging        | |  2.6

Action                   |  1- 3 |  4- 6 |  7- 9 || total
-------------------------+-------+-------+-------++-------
Melee: War axe           |    99 |   109 |   376 ||   584
       Headbutt          |    12 |    19 |    75 ||   106
       Punch             |     2 |       |     5 ||     7
Throw: Throwing net      |       |     7 |     2 ||     9
Evoke: Wand              |       |     2 |     5 ||     7
  Use: Potion            |       |     3 |     3 ||     6
       Scroll            |       |       |    10 ||    10
 Stab: Distracted        |     1 |       |       ||     1
       Sleeping          |       |     2 |     1 ||     3
       Held in net/web   |       |     1 |     1 ||     2
Armor: Leather armour    |    19 |    25 |     5 ||    49
       Ring mail         |       |       |   133 ||   133
       Skin              |       |       |     4 ||     4
Dodge: Dodged            |    69 |    73 |   246 ||   388
Block: Other             |       |       |    54 ||    54
